 Dungeon Crawl Stone Soup version 0.30-a0-1050-g2766ea1e55 (webtiles) character file.

Game seed: 17416036990232658294

132 Arcadio the Grave Robber (level 5, -6/42 HPs)
             Began as a Ghoul Necromancer on Apr 10, 2023.
             Mangled by an iguana (9 damage)
             ... on level 4 of the Dungeon.
             The game lasted 00:06:45 (2900 turns).

Arcadio the Grave Robber (Ghoul Necromancer)        Turns: 2900, Time: 00:06:45

Health: -6/42      AC:  2    Str: 12    XL:     5   Next: 15%
Magic:  3/6        EV: 12    Int: 12    God:
Gold:   194        SH:  0    Dex:  9    Spells: 6/7 levels left

rFire   . . .      SeeInvis .      - Unarmed
rCold   + . .      Faith    .    (no shield)
rNeg    + + +      Spirit   .    a - +0 robe
rPois   ∞          Reflect  .    (no helmet)
rElec   .          Rampage  .    (no cloak)
rCorr   .                        (no gloves)
Will    +....                    (no boots)
Stlth   ++                       i - amulet of magic regeneration
HPRegen 0.00/turn                j - ring of willpower
MPRegen 0.50/turn                (no ring)

@: very slightly contaminated, inhibited regen
A: claws 1, cold resistance 1, negative energy resistance 3, inhibited
regeneration, torment resistance 2, devour on kill
a: no special abilities


You were on level 4 of the Dungeon.
You visited 1 branch of the dungeon, and saw 4 of its levels.

You collected 194 gold pieces.

Inventory:

Armour
 a - a +0 robe (worn)
Jewellery
 i - an amulet of magic regeneration (around neck)
 j - a ring of willpower (left claw)
Scrolls
 e - 2 scrolls of identify
 f - a scroll of torment {unknown}
 g - 2 scrolls of teleportation
 k - 2 scrolls of immolation {unknown}
Potions
 b - 2 potions of magic
 c - a potion of mutation {unknown}
 d - a potion of haste {unknown}
 h - 4 potions of curing


   Skills:
 + Level 2.7 Fighting
 + Level 3.1 Dodging
 - Level 2.1 Stealth
 + Level 2.6 Unarmed Combat
 - Level 1.7 Spellcasting
 - Level 4.0 Necromancy


You had 6 spell levels left.
You knew the following spells:

 Your Spells              Type           Power      Damage    Failure   Level
a - Necrotise             Necr           40%        1d6       5%          1

Your spell library contained the following spells:

 Spells                   Type           Power      Damage    Failure   Level
 Vampiric Draining        Necr           10%        2d6       16%         3
 Poisonous Vapours        Pois/Air       2%         N/A       38%         2
 Animate Dead             Necr           10%        N/A       47%         4
 Mephitic Cloud           Conj/Pois/Air  1%         N/A       63%         3
 Agony                    Necr           10%        N/A       83%         5
 Freezing Cloud           Conj/Ice/Air   0%         6-21      100%        5


Dungeon Overview and Level Annotations

Branches:
Dungeon (4/15) Zot: 21102
 Temple: D:4-7

Altars:
Sif Muna
Wu Jian

Annotations:
D:3 Sigmund, Terence


Innate Abilities, Weirdness & Mutations

You are immune to poison.
You have sharp fingernails.
Your flesh is cold resistant. (rC+)
You are immune to negative energy. (rN+++)
You do not regenerate when monsters are visible.
You are immune to unholy pain and torment.
You thrive by killing the living.


Message History

You barely miss the iguana.
The iguana is moderately wounded.
The iguana bites you.
You barely miss the iguana.
The iguana is moderately wounded.
The iguana bites you.
Casting: Necrotise (safe; 5% risk of failure)
Confirm with . or Enter, or press ? or * to list all spells.
Aiming: Necrotise (safe; 5% risk of failure)
Press: ? - help, Shift-Dir - straight line, f - iguana
Aim: an iguana (moderately wounded, chance to affect: 71%)
You miscast Necrotise.
You are very lightly contaminated with residual magic.
Nothing appears to happen.
The iguana completely misses you.
Casting: Necrotise (safe; 5% risk of failure)
Confirm with . or Enter, or press ? or * to list all spells.
Aiming: Necrotise (safe; 5% risk of failure)
Press: ? - help, Shift-Dir - straight line, f/p - iguana
Aim: an iguana (moderately wounded, chance to affect: 71%)
You miscast Necrotise.
Nothing appears to happen.
The iguana misses you.
Casting: Necrotise (safe; 5% risk of failure)
Confirm with . or Enter, or press ? or * to list all spells.
Aiming: Necrotise (safe; 5% risk of failure)
Press: ? - help, Shift-Dir - straight line, f/p - iguana
Aim: an iguana (moderately wounded, chance to affect: 71%)
The iguana writhes in agony.
The iguana barely misses you.
Casting: Necrotise (safe; 5% risk of failure)
Confirm with . or Enter, or press ? or * to list all spells.
Aiming: Necrotise (safe; 5% risk of failure)
Press: ? - help, Shift-Dir - straight line, f/p - iguana
Aim: an iguana (heavily wounded, chance to affect: 71%)
The iguana writhes in agony.
The iguana bites you!
* * * LOW HITPOINT WARNING * * *
Casting: Necrotise (safe; 5% risk of failure)
Confirm with . or Enter, or press ? or * to list all spells.
Aiming: Necrotise (safe; 5% risk of failure)
Press: ? - help, Shift-Dir - straight line, f/p - iguana
Aim: an iguana (severely wounded, chance to affect: 71%)
The iguana writhes in agony.
The iguana bites you!
You die...

#.# #.#
#.##.##.# #.#
#.# #....##.#
#.# #.#
#..#.##.# #.#
#.####..#.##.##
#.#
#..............
#.#
#######.####..#
##.### #.#.#
#... #....# ..#
#...... ##.#@#
.## ###...
#..l.# # #.##
#.#### .... #.
... #. ##. #.


You could see an iguana.

Vanquished Creatures
  A howler monkey (D:4)
  4 adders
  A worm (D:2)
  2 dart slugs
  An orc (D:3)
  8 ball pythons
  3 bats
  9 endoplasms
  5 goblins
  3 hobgoblins
  2 quokkas (D:1)
  A frilled lizard (D:3)
  8 kobolds
  4 rats
52 creatures vanquished.

Notes
Turn   | Place    | Note
-------+----------+-------------------------------------------
     0 | D:1      | Arcadio the Ghoul Necromancer began the quest for the Orb.
     0 | D:1      | Reached XP level 1. HP: 14/14 MP: 2/2
   296 | D:1      | Reached XP level 2. HP: 22/22 MP: 3/3
   312 | D:1      | Reached skill level 1 in Unarmed Combat
   314 | D:1      | Reached skill level 1 in Fighting
  1162 | D:2      | Reached XP level 3. HP: 28/28 MP: 2/4
  1986 | D:3      | Noticed Terence
  2000 | D:3      | Noticed Sigmund
  2104 | D:3      | Reached XP level 4. HP: 36/36 MP: 2/5
  2615 | D:4      | Found an ornate altar of the Wu Jian Council.
  2650 | D:4      | Reached XP level 5. HP: 34/42 MP: 6/6
  2737 | D:4      | Noticed a black bear
  2738 | D:4      | Identified the +1 robe of Vylye {-Cast rCorr Str+3 Slay+6}
  2751 | D:4      | Found a shimmering blue altar of Sif Muna.
  2900 | D:4      | Mangled by an iguana

Illustrated notes

Levels and vault maps discovered:
D:1:      minmay_arrival_wavy_path, layout_basic
D:2:      layout_loops_ring, skrybe_limestone_x
D:3:      layout_basic, shapermc_ecumenical_altar_petra, hangedman_decor_push,
          uniq_terence, uniq_sigmund
D:4:      layout_loops_ring, grunt_temple_overflow_magic_moments,
          grunt_temple_overflow_open

Skill      XL: |  1  2  3  4 |
---------------+-------------+-----
Dodging        | 2 3 |  3.1
Unarmed Combat | 1 2 |  2.6
Fighting       | 1 2 |  2.7
Stealth        | |  2.1
Spellcasting   | |  1.7
Necromancy     | |  4.0

Action                     |  1- 3 |  4- 6 || total
---------------------------+-------+-------++-------
  Melee: Unarmed           |    76 |    46 ||   122
         Punch             |       |     2 ||     2
   Cast: Necrotise         |    27 |    15 ||    42
    Use: Scroll            |       |     2 ||     2
   Stab: Sleeping          |     5 |     2 ||     7
 Armour: Robe              |    13 |     5 ||    18
  Dodge: Dodged            |    54 |    41 ||    95

Table legend: (Time is in decaauts)
 A = Elapsed time spent in this place.
 B = Non-inter-level travel time spent in this place.
 C = Inter-level travel time spent in this place.
 D = Time resting spent in this place.
 E = Time spent auto-exploring this place.
 F = Levels seen in this place.
 G = Mean time per level.
                   A        B        C        D        E       F      G
               +--------+--------+--------+--------+--------+-----+--------+
         Total |   2896 |   2779 |    117 |    359 |   1864 |   4 |  724.0 |
       Dungeon |   2896 |   2779 |    117 |    359 |   1864 |   4 |  724.0 |
               +--------+--------+--------+--------+--------+-----+--------+

Top non-repeatable levels by time:
     D:1: 1150 daAuts
     D:2: 1061 daAuts
     D:3: 350 daAuts
     D:4: 334 daAuts
